 Dungeon Crawl Stone Soup version 0.27.1-33-g824d729ab1 (webtiles) character file.

Game seed: 312221810822216446

193 BaruZool the Grasshopper (level 5, -1/43 HPs)
             Began as a Palentonga Warper on Nov 26, 2021.
             Was an Initiate of Okawaru.
             Slain by a vampire bat (3 damage)
             ... on level 5 of the Dungeon on Nov 27, 2021.
             The game lasted 00:45:08 (5990 turns).

BaruZool the Grasshopper (Palentonga Warper)        Turns: 5990, Time: 00:45:09

Health: -1/43      AC:  0    Str: 16    XL:     5   Next: 43%
Magic:  9/9        EV:  9    Int: 13    God:    Okawaru [......]
Gold:   106        SH:  0    Dex:  9    Spells: 9/9 levels left

rFire    . . .     SeeInvis +   a - +1 mace
rCold    . . .     Faith    .   (no shield)
rNeg     . . .     Spirit   .   b - +0 leather armour
rPois    .         Reflect  .   (no helmet)
rElec    .         Harm     .   (no cloak)
rCorr    .         Rampage  .   (no gloves)
Will     .....                  (no barding)
Stlth    +.........             (no amulet)
HPRegen  0.14/turn              (no ring)
MPRegen  0.11/turn              (no ring)

@: mighty, corroded, studying Stealth
A: large, rugged brown scales 3, see invisible, deformed body, roll 1, armoured
tail
a: Rolling Charge, Renounce Religion


You were on level 5 of the Dungeon.
You worshipped Okawaru.
Okawaru was noncommittal.
You visited 1 branch of the dungeon, and saw 5 of its levels.

You collected 106 gold pieces.

Inventory:

Hand Weapons
 a - a +1 mace (weapon)
Armour
 b - a +0 leather armour (worn)
 c - a +0 scale mail
Wands
 s - a wand of digging (4)
Scrolls
 e - a scroll of amnesia {unknown}
 f - 2 scrolls of fear {unknown}
 g - a scroll of magic mapping {unknown}
 h - a scroll of enchant weapon
 i - a scroll of teleportation
 n - a scroll of identify {unknown}
 q - a scroll of torment {unknown}
 t - a scroll of enchant armour {unknown}
Potions
 j - 2 potions of might
 k - a potion of magic {unknown}
 l - a potion of cancellation {unknown}
 m - 2 potions of lignification
 o - a potion of degeneration {unknown}
 p - a potion of brilliance {unknown}
 r - a potion of flight {unknown}
 u - a potion of attraction {unknown}
 v - a potion of curing {unknown}


   Skills:
 * Level 3.5 Fighting
 * Level 3.3 Maces & Flails
 - Level 0.6 Throwing
 - Level 1.0 Armour
 - Level 1.8 Dodging
 + Level 2.7 Spellcasting
 + Level 3.8 Translocations


You had 9 spell levels left.
You didn't know any spells.
Your spell library contained the following spells:

 Spells                   Type           Power      Damage    Failure   Level
 Blink                    Tloc           N/A        N/A       10%         2
 Gell's Gravitas          Tloc           5%         N/A       19%         3
 Lesser Beckoning         Tloc           5%         N/A       19%         3
 Teleport Other           Tloc           11%        N/A       19%         3
 Manifold Assault         Tloc           11%        N/A       86%         5
 Alistair's Intoxication  Tmut/Pois      0%         N/A       100%        5
 Borgnjor's Vile Clutch   Necr/Erth      0%         N/A       100%        5
 Eringya's Noxious Bog    Tmut/Pois      0%         N/A       100%        6


Dungeon Overview and Level Annotations

Branches:
Dungeon (5/15)
 Temple: D:4-7

Altars:
Dithmenos
Fedhas
Nemelex Xobeh
Okawaru
Trog
Wu Jian

Shops:
D:3 [

Annotations:
D:3 Grinder


Innate Abilities, Weirdness & Mutations

You are completely covered in rugged brown scales. (AC +3, +7% HP)
You have supernaturally acute eyesight. (SInv)
Armour fits poorly on your strangely shaped body.
You can roll at nearby foes to attack.
You have a long armoured tail.


Message History

A bat comes into view.
A vampire bat comes into view.
A bat comes into view.
The jelly hits you but does no damage.
A bat comes into view.
The bat moves out of view.
You hit the jelly. The acid corrodes you!
Your hands burn!
You tail-slap the jelly.
The jelly is severely wounded.
The vampire bat bites you.
The vampire bat draws strength from your injuries!
The jelly hits you.
You are splashed with acid!
A bat comes into view.
The vampire bat barely misses you. The bat barely misses you.
The jelly hits you.
You are splashed with acid!
The bat hits you.
* * * LOW HITPOINT WARNING * * *
The bat closely misses you. The vampire bat closely misses you.
The bat hits you.
* * * LOW HITPOINT WARNING * * *
The bat hits you.
* * * LOW HITPOINT WARNING * * *
The vampire bat bites you.
* * * LOW HITPOINT WARNING * * *
The vampire bat draws strength from your injuries!
The bat hits you.
* * * LOW HITPOINT WARNING * * *
The bat hits you.
* * * LOW HITPOINT WARNING * * *
The bat closely misses you. The vampire bat closely misses you.
The vampire bat bites you.
* * * LOW HITPOINT WARNING * * *
The vampire bat draws strength from your injuries!
The bat barely misses you. The bat hits you.
* * * LOW HITPOINT WARNING * * *
The vampire bat barely misses you.
It was a potion of might.
You feel very mighty all of a sudden. The bat hits you.
* * * LOW HITPOINT WARNING * * *
The vampire bat bites you.
You die...

..........#.... #.. .............
#.. ..........# #.# #....†...#
### .. #.# ########..### #####..
.. #.# #.....##J.#.###...#.##..
#.# #.....##....##.##.#.....
#.##.####.....##bb........#.....
#...<..........@bb..#..#..#....#
##########.....###...#.....#....#
.......# #.....# #.#.#.....#.#
'#####.# #.....# #.#.##.####.#
....<#.# #.....# #.#......J..#
...###[# #.....# #.........###
.....#.# #.....# ###..#.##.####
...#.#.###.....# ##.#.......#
...#.#.....##### #.........#


You could see a jelly, a vampire bat and 3 bats.

Vanquished Creatures
  A vampire bat (D:5)
  An iguana (D:5)
  A hound skeleton (D:5)
  4 adders
  A worm (D:2)
  An orc (D:3)
  12 bats
  5 endoplasms
  A giant cockroach (D:1)
  10 goblins
  9 hobgoblins
  3 jackals (D:2)
  A quokka (D:2)
  6 ball pythons
  4 frilled lizards
  5 kobolds
  6 rats
71 creatures vanquished.

Notes
Turn   | Place    | Note
-------+----------+-------------------------------------------
     0 | D:1      | BaruZool the Palentonga Warper began the quest for the Orb.
     0 | D:1      | Reached XP level 1. HP: 17/17 MP: 3/3
   239 | D:1      | Reached XP level 2. HP: 19/23 MP: 5/5
   702 | D:1      | Found a faded altar of an unknown god.
   736 | D:1      | Reached skill level 1 in Armour
  1085 | D:1      | Reached XP level 3. HP: 16/29 MP: 6/6
  2728 | D:3      | Reached XP level 4. HP: 33/36 MP: 7/7
  2729 | D:3      | Found an iron altar of Okawaru.
  2730 | D:3      | Found a bloodstained altar of Trog.
  2745 | D:3      | Found a sparkling altar of Nemelex Xobeh.
  2752 | D:3      | Found an ornate altar of the Wu Jian Council.
  2782 | D:3      | Became a worshipper of Warmaster Okawaru
  3039 | D:3      | Found Osufomyh's Armour Shop.
  3241 | D:3      | Noticed Grinder
  4237 | D:4      | Found a shadowy altar of Dithmenos.
  4240 | D:4      | Noticed an ogre
  4416 | D:4      | Found a blossoming altar of Fedhas.
  4991 | D:5      | Entered Level 5 of the Dungeon
  5915 | D:5      | Reached XP level 5. HP: 37/43 MP: 7/9
  5990 | D:5      | HP: 2/43 [bat (1)]
  5990 | D:5      | Slain by a vampire bat

Illustrated notes

Levels and vault maps discovered:
D:1:      matt_arrival_los_fun, layout_basic,
          ebering_ecumenical_altar_sacrificial
D:2:      layout_basic
D:3:      layout_loops_ring, minitemple, serial_shops, nicolae_square_shop,
          uniq_grinder
D:4:      layout_rooms, fedhas_altar_fruit_tree, overflow_temple_1_default,
          mainiacjoe_overflow_concentric_impassable
D:5:      layout_basic, nicolae_gozag_seed_capital,
          nicolae_ashenzari_panopticon, roderic_batcave

Skill      XL: |  1  2  3  4 |
---------------+-------------+-----
Armour         | 1 |  1.0
Fighting       | 3 |  3.5
Maces & Flails | 3 |  3.3
Throwing       | |  0.6
Dodging        | |  1.8
Spellcasting   | |  2.7
Translocations | |  3.8

Action                   |  1- 3 |  4- 6 || total
-------------------------+-------+-------++-------
Melee: Mace              |   148 |   108 ||   256
       Tailslap          |     7 |    10 ||    17
Throw: Boomerang         |       |     5 ||     5
 Abil: Rolling Charge    |     8 |     2 ||    10
  Use: Scroll            |     1 |     3 ||     4
       Potion            |       |     2 ||     2
Armor: Leather armour    |    73 |    67 ||   140
Dodge: Dodged            |    60 |    82 ||   142
